 Dungeon Sprint DCSS version 0.22.1-1-ga44c0e56f4 (webtiles) character file.

12 MuseOD the Conjurer (level 2, -1/37 HPs)
             Began as a Draconian Conjurer on Oct 4, 2018.
             Was an Initiate of Sif Muna.
             Slain by a hell hound (9 damage)
             ... in the Dungeon (Sprint V: "Ziggurat Sprint").
             The game lasted 00:00:55 (86 turns).

MuseOD the Conjurer (Draconian Conjurer)              Turns: 86, Time: 00:00:55

Health: -1/37      AC:  4    Str: 15    XL:     2   Next: 20%
Magic:  6/6        EV: 13    Int: 27    God:    Sif Muna [......]
Gold:   0          SH:  0    Dex: 11    Spells: 6/7 levels left

rFire    . . .     SeeInvis .   w - +5 demon blade
rCold    . . .     Gourm    .   (no shield)
rNeg     . . .     Faith    .   (armour unavailable)
rPois    .         Spirit   .   (helmet restricted)
rElec    .         Reflect  .   (no cloak)
rCorr    .         Harm     .   (no gloves)
MR       .....     NoTele   +   (no boots)
Stlth    ..........             (no amulet)
HPRegen  0.12/turn              z - +6 ring of intelligence
MPRegen  0.10/turn              A - +6 ring of intelligence

@: berserking, very quick
A: unfitting armour, cold-blooded, AC +4
a: Renounce Religion


You were in the Dungeon.
You worshipped Sif Muna.
Sif Muna was noncommittal.
You were not hungry.

You visited 1 branch

Inventory:

Hand Weapons
 w - a +5 demon blade (weapon)
Jewellery
 z - a +6 ring of intelligence (left hand)
 A - a +6 ring of intelligence (right hand)
Wands
 t - a wand of disintegration (7)
 u - a wand of iceblast (7)
 v - a wand of acid (7)
Scrolls
 h - 4 scrolls of blinking
 n - 4 scrolls of amnesia
 o - 7 scrolls of fog
 p - a scroll of holy word
 q - 5 scrolls of identify
 r - 5 scrolls of remove curse
 s - 2 scrolls of fear
Potions
 a - 2 potions of brilliance
 c - 10 potions of curing
 d - 10 potions of heal wounds
 e - 6 potions of haste
 f - 7 potions of magic
 g - 2 potions of berserk rage
 i - 2 potions of invisibility
 j - 4 potions of resistance
 l - 5 potions of agility
 m - 5 potions of might
Comestibles
 b - 7 rations


   Skills:
 - Level 2.9 Fighting
 + Level 2.7 Long Blades
 + Level 3.4 Dodging
 - Level 1.7 Stealth
 + Level 3.3 Spellcasting
 + Level 5.0 Conjurations
 - Level 3.0 Invocations


You had 6 spell levels left.
You knew the following spells:

 Your Spells              Type           Power        Failure   Level  Hunger
a - Magic Dart            Conj           ####         1%          1    None

Your spell library contained the following spells:

 Spells                   Type           Power        Failure   Level  Hunger
 Searing Ray              Conj           ####..       1%          2    #......
 Dazzling Spray           Conj/Hex       ###...       9%          3    ##.....
 Iskenderun's Mystic Bla  Conj           ####....     11%         4    ####...
 Force Lance              Conj/Tloc      ###.....     30%         4    ####...
 Fulminant Prism          Conj/Hex       ###.......   30%         4    ####...


Dungeon Overview and Level Annotations

Branches:
Dungeon (1/1)

Altars:
Ashenzari
Cheibriados
Dithmenos
Elyvilon
Fedhas
Gozag
Hepliaklqana
Kikubaaqudgha
Makhleb
Nemelex Xobeh
Okawaru
Qazlal
Ru
Sif Muna
Trog
Uskayaw
Vehumet
Wu Jian
Xom
Yredelemnul
Zin
The Shining One
Beogh
Jiyva
Lugonu

Annotations:
D 1 transporter


Innate Abilities, Weirdness & Mutations

Your plain brown scales are hard. (AC +4)
You cannot fit into any form of body armour.
You are cold-blooded and may be slowed by cold attacks.


Message History

You slash the hell hound!
The hell hound is heavily wounded.
The hell hound completely misses you.
You riposte.
You barely miss the hell hound.
The hell hound is heavily wounded.
You closely miss the hell hound.
The hell hound is heavily wounded.
The hell hound bites you!
* * * LOW HITPOINT WARNING * * *
The hell hound closely misses you.
You riposte.
You closely miss the hell hound.
The hell hound is heavily wounded.
You barely miss the hell hound.
The hell hound is heavily wounded.
The hell hound barely misses you.
You riposte.
You slash the hell hound!
The hell hound is severely wounded.
You miss the hell hound.
The hell hound is severely wounded.
The hell hound bites you!
You die...

▓▓▓▓▓▓▓
▓.8©8.▓
▓.....▓
▓.}.|.▓
▓.....▓
▓.@h..▓
▓..©..▓
▓▓▓▓▓▓▓


You could see a hell hound.

Vanquished Creatures
  An adder zombie (D)
1 creature vanquished.

Vanquished Creatures (others)
  4 spatial maelstroms (D)
4 creatures vanquished.

Grand Total: 5 creatures vanquished

Notes
Turn   | Place    | Note
-------+----------+-------------------------------------------
     0 | D        | Found the +6 Majin-Bo {vamp, Archmagi MP+6 Int+6}
     0 | D        | Found the +7 great mace "Firestarter" {inner flame, rF++}
     0 | D        | MuseOD the Draconian Conjurer began the quest for the Orb.
     0 | D        | Reached XP level 1. HP: 14/14 MP: 3/3
     0 | D        | Found a deep blue altar of Sif Muna.
     0 | D        | Found a bloodstained altar of Trog.
     0 | D        | Found a sacrificial altar of Ru.
     0 | D        | Found a stormy altar of Qazlal.
     0 | D        | Found an iron altar of Okawaru.
     0 | D        | Banished a spatial maelstrom
     0 | D        | Banished a spatial maelstrom
     0 | D        | Banished a spatial maelstrom
     1 | D        | Found a sparkling altar of Nemelex Xobeh.
     1 | D        | Found a blossoming altar of Fedhas.
     3 | D        | Found a transporter.
     3 | D        | Found an ancient bone altar of Kikubaaqudgha.
     3 | D        | Found a viscous altar of Jiyva.
     3 | D        | Found a corrupted altar of Lugonu.
     3 | D        | Found a hazy altar of Hepliaklqana.
     3 | D        | Found a burning altar of Makhleb.
     3 | D        | Found an opulent altar of Gozag.
    10 | D        | Banished a spatial maelstrom
    34 | D        | Became a worshipper of Sif Muna the Loreminder
    55 | D        | Reached skill level 5 in Conjurations
    55 | D        | Reached XP level 2. HP: 25/25 MP: 4/6
    79 | D        | Entered arena 2.
    79 | D        | Noticed a hell hound
    79 | D        | Found a transporter.
    86 | D        | Slain by a hell hound

Skill      XL: |  1 |
---------------+----+-----
Fighting       | 2 |  2.9
Long Blades    | 2 |  2.7
Dodging        | 3 |  3.4
Spellcasting   | 3 |  3.3
Conjurations   | 5 |  5.0
Invocations    | 3 |  3.0
Stealth        | |  1.7

Action                   || total
-------------------------++-------
Melee: Demon blade       ||     5
       Tailslap          ||     1
  Use: Potion            ||     2
Dodge: Dodged            ||     4
       Rpst.: Demon blade ||     4
